 Dungeon Crawl Stone Soup version 0.23.2-1-ga50397a (webtiles) character file.

Game seed: 17181108109018464194

229 Borgoz the Slasher (level 5, -3/46 HPs)
             Began as a Minotaur Gladiator on May 26, 2019.
             Was an Initiate of Ashenzari.
             Slain by a gnoll
             ... wielding a +0 halberd
              (14 damage)
             ... on level 3 of the Dungeon.
             The game lasted 00:02:51 (2371 turns).

Borgoz the Slasher (Minotaur Gladiator)             Turns: 2371, Time: 00:02:52

Health: -3/46      AC:  5    Str: 25    XL:     5   Next: 71%
Magic:  4/4        EV: 13    Int:  5    God:    Ashenzari [......]
Gold:   79         SH:  0    Dex: 11    Spells: 4/4 levels left

rFire    . . .     SeeInvis .   a - +0 long sword
rCold    . . .     Gourm    .   (no shield)
rNeg     . . .     Faith    .   g - +0 ring mail
rPois    .         Spirit   .   c - +0 hat
rElec    .         Reflect  .   (no cloak)
rCorr    .         Harm     .   (no gloves)
MR       .....                  (no boots)
Stlth    +.........             (no amulet)
HPRegen  0.15/turn              (no ring)
MPRegen  0.09/turn              (no ring)

@: mighty
A: retaliatory headbutt, horns 2
a: Curse Item, Renounce Religion


You were on level 3 of the Dungeon.
You worshipped Ashenzari.
Ashenzari was noncommittal.
You were not hungry.

You visited 1 branch of the dungeon, and saw 3 of its levels.

You collected 79 gold pieces.

Inventory:

Hand Weapons
 a - a +0 long sword (weapon)
Missiles
 d - 2 throwing nets (quivered)
Armour
 c - a +0 hat (worn)
 g - a +0 ring mail (worn)
Scrolls
 b - a scroll of immolation
 m - a scroll of remove curse
 n - a scroll of enchant armour {unknown}
 q - a scroll of fog {unknown}
 r - a scroll of fear {unknown}
Potions
 h - 2 potions of lignification
 k - a potion of brilliance
 l - a potion of mutation
Comestibles
 f - 6 rations
 p - 3 chunks of flesh


   Skills:
 + Level 3.8 Fighting
 * Level 5.7 Long Blades
 - Level 2.0 Throwing
 + Level 2.7 Armour
 + Level 4.3 Dodging


You had 4 spell levels left.
You didn't know any spells.
Your spell library was empty.

Dungeon Overview and Level Annotations

Branches:
Dungeon (3/15)

Altars:
Ashenzari
Okawaru
Qazlal
Trog


Innate Abilities, Weirdness & Mutations

You reflexively headbutt those who attack you in melee.
You have a pair of horns on your head.


Message History

The gnoll hits you but does no damage.
The gnoll hits you from afar with a +0 spear.
The gnoll hits you but does no damage.
The gnoll hits you from afar with a +0 spear.
The gnoll hits you but does no damage.
The gnoll hits you from afar with a +0 spear.
The gnoll hits you but does no damage.
The gnoll hits you from afar with a +0 spear.
The gnoll hits you but does no damage. x2
The gnoll hits you but does no damage. x2
The gnoll hits you but does no damage. x2
You feel less wooden.
Your +0 hat unmelds from your body.
Your +0 ring mail unmelds from your body.
The gnoll hits you but does no damage. x2
The gnoll barely misses you.
The gnoll hits you from afar with a +0 spear!
* * * LOW HITPOINT WARNING * * *
The gnoll hits you from afar with a +0 halberd!
You die...

... .. #.# ..#
##g. #gl# ##gg#
#?@.# ###.#.##.#
##.)))......
##.>#.##.#..# # #
#.!##.#..#..# .#
##.###.#.....# .#
##..###.#..#.# .
####..###.....#.#
##
#.....##...#.##.#
######.


You could see 3 gnolls, a leopard gecko and a goblin.

Vanquished Creatures
  An orc priest (D:3)
  Natasha (D:2)
  Robin (D:3)
  A gnoll (D:3)
  7 adders
  An ooze (D:1)
  3 worms
  2 dart slugs
  5 orcs (D:3)
  5 bats
  3 giant cockroaches
  12 goblins
  10 hobgoblins
  3 jackals (D:1)
  7 kobolds
  2 quokkas (D:2)
  2 ball pythons
  3 frilled lizards
  6 rats
75 creatures vanquished.

Notes
Turn   | Place    | Note
-------+----------+-------------------------------------------
     0 | D:1      | Borgoz the Minotaur Gladiator began the quest for the Orb.
     0 | D:1      | Reached XP level 1. HP: 18/18 MP: 0/0
   357 | D:1      | Reached XP level 2. HP: 25/25 MP: 1/1
   357 | D:1      | Reached skill level 4 in Long Blades
   491 | D:1      | Reached skill level 1 in Armour
   866 | D:2      | Reached XP level 3. HP: 20/30 MP: 2/2
  1009 | D:2      | Found a stormy altar of Qazlal.
  1010 | D:2      | Found a shattered altar of Ashenzari.
  1045 | D:2      | Became a worshipper of Ashenzari the Shackled
  1051 | D:2      | Found a bloodstained altar of Trog.
  1059 | D:2      | Found an iron altar of Okawaru.
  1381 | D:2      | Reached XP level 4. HP: 38/38 MP: 3/3
  1389 | D:2      | Noticed Natasha
  1402 | D:2      | Killed Natasha
  1868 | D:3      | Reached skill level 5 in Long Blades
  2141 | D:3      | Reached XP level 5. HP: 33/45 MP: 4/4
  2325 | D:3      | Noticed Robin
  2338 | D:3      | Killed Robin
  2371 | D:3      | Slain by a gnoll

Skill      XL: |  1  2  3  4 |
---------------+-------------+-----
Long Blades    | 4 5 |  5.7
Armour         | 1 2 |  2.7
Fighting       | 3 |  3.8
Dodging        | 4 |  4.3
Throwing       | |  2.0

Action                   |  1- 3 |  4- 6 || total
-------------------------+-------+-------++-------
Melee: Long sword        |    77 |    77 ||   154
       Headbutt          |    13 |     9 ||    22
Throw: Throwing net      |       |     4 ||     4
  Use: Potion            |       |     5 ||     5
       Scroll            |       |     3 ||     3
 Stab: Held in net/web   |       |     1 ||     1
  Eat: Chunk             |     2 |     3 ||     5
Armor: Ring mail         |    29 |    31 ||    60
       Skin              |       |    55 ||    55
Dodge: Dodged            |    51 |    53 ||   104
       Rpst.: Long sword |    17 |    18 ||    35
